 Dungeon Crawl Stone Soup version 5.4-101-gcf516dc (webtiles) character file.

8705 Charmandara the Fighter (level 12, -3/140 HPs)
             Began as a Titan Earth Elementalist on Mar 9, 2018.
             Slain by a freezing wraith (6 damage)
             ... on level 13 of the Dungeon.
             The game lasted 00:34:26 (14417 turns).

Charmandara the Fighter (Titan Earth Elementalist) Turns: 14417, Time: 00:34:26

Health: -3/140     AC:  4 (19%)Str: 18  XL:     12   Next: 79%
Magic:  14/15      EV: 13    Int: 32    God:
Gold:   439        SH:  0    Dex: 19    Spells: 4/19 levels left

rFire    . . .     SeeInvis .   F - +2 demon whip (elec)
rCold    . . .     Faith    .   S - staff of death {rN+}
rNeg     + . .     Spirit   .   L - +0 troll leather armour {regen}
rPois    .         Reflect  .   (helmet restricted)
rElec    +                      (no cloak)
rCorr    .                      (gloves unavailable)
MR       +....                  (boots unavailable)
Stlth    ++........             C - amulet of destruction
Regen    1.5/turn               m - +3 ring of evasion
MPRegen  0.3/turn               D - +5 ring of dexterity

@: mighty, brilliant, destruction attunement, regenerating, slowed, very slow
A: unfitting armour, high mp 1, mutation resistance 1, electricity resistance
a: End Regeneration, End Animate Dead


You were on level 13 of the Dungeon.
You were not hungry.

You visited 1 branch of the dungeon, and saw 13 of its levels.

You collected 934 gold pieces.
You spent 495 gold pieces at shops.

Inventory:

Hand Weapons
 k - the +8 shortbow "Siajuado" {venom, rPois rN+++ MR++ Int-5}
   (You found it on level 10 of the Dungeon)

   It poisons the ammo it fires.
   It affects your intelligence (-5).
   It protects you from poison.
   It renders you almost immune to negative energy.
   It affects your resistance to hostile enchantments.
 u - a +2 flail of protection
   (You took it off an orc priest on level 5 of the Dungeon)
 B - the +8 mace "Gaust" {flame, rElec rC+ Int+3}
   (You found it on level 7 of the Dungeon)

   It has been specially enchanted to burn those struck by it, causing extra
   injury to most foes and up to half again as much damage against particularly
   susceptible opponents.
   It affects your intelligence (+3).
   It protects you from cold.
   It insulates you from electricity.
 F - a +2 demon whip of electrocution (weapon)
   (You bought it in a shop on level 10 of the Dungeon)
 I - a +5 giant club
   (You took it off an ogre on level 8 of the Dungeon)
 K - a +2 morningstar of holy wrath
   (You took it off a gargoyle on level 10 of the Dungeon)
Missiles
 b - 2188 stones
 d - 351 poisoned darts (quivered)
 o - 5 curare darts
 P - 64 large rocks {!d}
Armour
 c - a +0 robe
 L - a +0 troll leather armour (worn) {regen}
   (You found it on level 10 of the Dungeon)
 O - a +0 shield
   (You found it on level 11 of the Dungeon)
Magical Staves
 a - an uncursed staff of summoning {!a}
   (You found it on level 8 of the Dungeon)
 S - an uncursed staff of death (worn) {rN+}
   (You found it on level 11 of the Dungeon)
Jewellery
 m - a +3 ring of evasion (left hand)
   (You found it on level 3 of the Dungeon)
 w - an uncursed ring of protection from magic {MR+, !d}
   (You took it off an orc on level 6 of the Dungeon)
 x - a +3 ring of protection
   (You found it on level 9 of the Dungeon)
 C - an amulet of destruction (around neck)
   (You found it on level 9 of the Dungeon)
 D - a +5 ring of dexterity (right hand)
   (You found it on level 8 of the Dungeon)
 E - an uncursed ring of resist corrosion
   (You found it on level 8 of the Dungeon)
 T - an uncursed ring of fire {rF+, rC-}
   (You found it on level 12 of the Dungeon)
Wands
 s - a wand of paralysis (5)
 G - a wand of flame (6)
 H - a wand of scattershot (2)
 J - a wand of acid (1)
 R - a wand of enslavement (9)
Scrolls
 e - 3 scrolls of fog
 i - 2 scrolls of enchant armour
 l - 5 scrolls of magic mapping {!r}
 n - 2 scrolls of silence
 q - 2 scrolls of teleportation
 t - 4 scrolls of amnesia
 y - a scroll of blinking {!r}
 z - a scroll of immolation {!r}
 M - 2 scrolls of vulnerability {!r!r}
Potions
 f - 4 potions of augmentation
 g - 6 potions of lignification
 h - 5 potions of mutation
 j - 2 potions of ambrosia
 p - a potion of magic
 r - 3 potions of haste
 A - a potion of cancellation
 N - 2 potions of resistance


   Skills:
 + Level 14.3 Fighting
 - Level 13.4 Maces & Staves
 * Level 7.7 Throwing
 - Level 1.7 Dodging
 - Level 1.5 Stealth
 - Level 4.4 Spellcasting
 - Level 5.1 Necromancy
 - Level 0.8 Transmutations
 - Level 10.3 Earth Magic


You had 4 spell levels left.
You knew the following spells:

 Your Spells              Type           Power        Failure   Level  Hunger
a - Sandblast             Erth           50 (50)      1%          1    N/A
b - Blink                 Tloc           N/A          1%          2    N/A
r - Regeneration          Chrm/Necr      59 (200)     1%          3    N/A
z - Lee's Rapid Deconstr  Erth           75 (200)     1%          5    N/A
A - Animate Dead          Necr           73 (200)     1%          4    N/A

Dungeon Overview and Level Annotations

Branches:
Dungeon (13/15)

Shops:
D:10 (


Innate Abilities, Weirdness & Mutations

You are too large for most types of armour.
You have an increased reservoir of magic. (+10% MP)
You are resistant to electric shocks. (rElec)
You are somewhat resistant to further mutation.


Message History

You regained 2 hp, and now have 95/139 hp.
Aim: a deep elf archer, wielding a +0 shortbow (heavily wounded, repelling missiles)
The deep elf archer repels the rocky blast!
b - 2236 stones The deep elf archer shoots an arrow.
The arrow closely misses you (0).
The deep elf archer shoots an arrow.
The arrow hits you (8)!
Unknown command.
You take 6 damage, and have 89/139 hp.
Aim: a deep elf archer, wielding a +0 shortbow (heavily wounded, repelling missiles)
The rocky blast hits the deep elf archer (25).
b - 2228 stones The deep elf archer casts a spell at you.
You resist with some effort.
You regained 2 hp, and now have 91/139 hp.
Unknown command.
Aim: a deep elf archer, wielding a +0 shortbow (almost dead, repelling missiles)
The rocky blast hits the deep elf archer (12).
You kill the deep elf archer!
The deep elf archer turns into a zombie!
b - 2220 stones You regained 2 hp, and now have 93/140 hp.
Unknown command.
You start resting.
Your amulet of destruction loses attunement.
You regained 12 hp, and now have 105/140 hp.
You swap places.
There is an open door here.
You regained 2 hp, and now have 107/140 hp.
You regained 2 hp, and now have 109/140 hp.
Things that are here:
a +0 shortbow; 87 arrows You regained 2 hp, and now have 111/140 hp.
You swap places.
You regained 2 hp, and now have 113/140 hp.
There is an open door here.
You regained 2 hp, and now have 116/140 hp.
You regained 2 hp, and now have 118/140 hp.
You regained 2 hp, and now have 120/140 hp.
You open the door.
A freezing wraith comes into view.
You regained 2 hp, and now have 122/140 hp.
Aim: a freezing wraith The rocky blast hits the freezing wraith (0).
b - 2212 stones Your amulet of destruction attunes itself to Sandblast The freezing wraith barely misses you.
The freezing wraith hits you but does no damage.
You regained 2 hp, and now have 124/140 hp.
You now have 13/14 mp.
Unknown command.
You regained 2 hp, and now have 126/140 hp.
You hit the freezing wraith but do no damage.
The freezing wraith hits you (4). The freezing wraith freezes you (23)!!
The freezing wraith hits you (2).
Your deep elf archer zombie closely misses the freezing wraith.
You take 28 damage, and have 98/140 hp.
You barely miss the freezing wraith. The freezing wraith barely misses you.
The freezing wraith completely misses you.
MP restored: 14 Unknown command.
Aim: a freezing wraith The rocky blast hits the freezing wraith (3).
b - 2204 stones Your deep elf archer zombie hits the freezing wraith but does no damage.
The freezing wraith hits you (3). The freezing wraith freezes you (8)!
The freezing wraith barely misses you.
You take 9 damage, and have 90/140 hp.
Unknown command.
Aim: a freezing wraith (lightly damaged)
The rocky blast misses the freezing wraith.
b - 2196 stones The freezing wraith hits you (8)!
The freezing wraith freezes you (20)!! The freezing wraith hits you (8)!
The freezing wraith drains your vigour!
You feel as though you will be slow longer.
Your deep elf archer zombie closely misses the freezing wraith.
Your deep elf archer zombie completely misses the freezing wraith.
The freezing wraith barely misses you. The freezing wraith closely misses you.
You take 34 damage, and have 56/140 hp.
MASSIVE DAMAGE!!
Aim: a freezing wraith The rocky blast hits the freezing wraith (3).
b - 2188 stones The freezing wraith hits you (11)!
The freezing wraith freezes you (9)!
* * * LOW HITPOINT WARNING * * *
The freezing wraith hits you (4).
* * * LOW HITPOINT WARNING * * *
Your deep elf archer zombie hits the freezing wraith with a +0 dagger (3).
You take 23 damage, and have 33/140 hp.
Unknown command.
Okay, then.
Unknown command.
You feel very mighty all of a sudden.
You feel clever all of a sudden. The freezing wraith hits you (12)!
* * * LOW HITPOINT WARNING * * *
The freezing wraith freezes you (21)!!
* * * LOW HITPOINT WARNING * * *
The freezing wraith closely misses you.
Your deep elf archer zombie hits the freezing wraith with a +0 dagger (2).
The freezing wraith hits you (6).
You die...

### ####.###
##.#..).#
#.#....## ####
###.##'## ..P####
#..#...#
..+...#####..#..@#
#######
..P...##.#...#.ZW#
#.....##
.............##'##
#.....P#
..#####......#...
#....P## ..#
#.#..#P.#...+
#......#
..#########..#...#
#.....## ....#
##.##+## #....##
...## ##..# #....#
..## #.#)# #....##


You could see a freezing wraith and a friendly deep elf archer zombie.

Vanquished Creatures
  A hydra (D:13)
  A centaur warrior (D:13)
  2 two-headed ogres
  An unseen horror (D:12)
  Pikel (D:8)
  A deep elf archer (D:13)
  A manticore (D:13)
  6 ugly things
  2 gargoyles
  A cyclops (D:11)
  2 centaur zombies (D:12)
  A black mamba (D:12)
  A spiny frog (D:12)
  An efreet (D:13)
  A rime drake (D:13)
  3 trolls
  3 blink frogs (D:11)
  5 slime creatures
  10 yaks
  A vampire (D:11)
  5 wyverns
  2 angry ghosts (D:12)
  2 steam dragons
  Grum (D:9)
  An acid dragon (D:11)
  A water moccasin (D:7)
  4 ice beasts
  3 black bears
  5 orc warriors
  A spiny frog skeleton (D:9)
  2 slaves (D:8)
  4 ogres
  3 phantoms
  A blink frog skeleton (D:11)
  2 blink frog zombies
  2 wolves (D:9)
  23 centaurs
  2 wyvern zombies
  2 water moccasin zombies
  A wyvern skeleton (D:5)
  6 scorpions
  A crimson imp (D:7)
  14 killer bees
  3 wights (D:8)
  4 hounds
  5 jellies
  A gnoll shaman (D:5)
  3 bullfrog skeletons
  2 centaur skeletons
  6 orc priests
  10 orc wizards
  8 worker ants
  3 iguanas
  A hound skeleton (D:6)
  24 gnolls
  A howler monkey skeleton (D:4)
  10 adders
  An ooze (D:5)
  A dart slug (D:1)
  22 orcs
  6 quokkas
  6 bats
  4 giant cockroaches
  6 hobgoblins
  5 jackals
  7 kobolds
  6 frilled lizards
  10 goblins
  5 rats
  A spectral orc (D:5)
294 creatures vanquished.

Vanquished Creatures (collateral kills)
  A two-headed ogre (D:9)
  A cyclops (D:13)
  A black mamba (D:9)
  A gargoyle (D:13)
  3 slime creatures (D:13)
  A black bear (D:9)
  A quasit (D:9)
  A plant (D:13)
10 creatures vanquished.

Vanquished Creatures (others)
  A jelly (D:8)
  A fungus (D:13)
2 creatures vanquished.

Grand Total: 306 creatures vanquished

Notes
Turn   | Place    | Note
-------+----------+-------------------------------------------
     0 | D:1      | Charmandara the Titan Earth Elementalist began the quest for the Orb.
     0 | D:1      | Reached XP level 1. HP: 16/16 MP: 6/6
    90 | D:1      | Reached skill level 3 in Earth Magic
   299 | D:1      | Reached XP level 2. HP: 24/24 MP: 5/7
  1296 | D:2      | Found a radiant altar of Vehumet.
  1320 | D:2      | Reached XP level 3. HP: 31/31 MP: 7/9
  1425 | D:2      | Reached skill level 4 in Earth Magic
  1768 | D:2      | Found a stormy altar of Qazlal.
  1851 | D:2      | Found a sparkling altar of Nemelex Xobeh.
  1851 | D:2      | Found a shimmering altar of Xom.
  2025 | D:2      | Reached XP level 4. HP: 39/39 MP: 5/10
  2182 | D:2      | Reached skill level 5 in Earth Magic
  2453 | D:3      | Reached skill level 1 in Fighting
  2453 | D:3      | Reached XP level 5. HP: 48/48 MP: 9/11
  2510 | D:3      | Reached skill level 1 in Maces & Staves
  2559 | D:3      | Found a bloodstained altar of Trog.
  2644 | D:3      | Found a glowing silver altar of Zin.
  2647 | D:3      | Found an ancient bone altar of Kikubaaqudgha.
  2647 | D:3      | Found an ornate altar of the Wu Jian Council.
  2652 | D:3      | Found a white marble altar of Elyvilon.
  2775 | D:3      | Found a hide-covered altar of Uskayaw.
  2776 | D:3      | Noticed a hand axe
  2776 | D:3      | Noticed a dagger
  2796 | D:3      | Found a burning altar of Makhleb.
  2860 | D:3      | Found a deep blue altar of Sif Muna.
  2946 | D:3      | Found a faded altar of an unknown god.
  3094 | D:3      | Reached skill level 2 in Fighting
  3095 | D:3      | Reached skill level 2 in Maces & Staves
  3394 | D:3      | Learned a level 5 spell: Lee's Rapid Deconstruction
  3437 | D:4      | Reached XP level 6. HP: 58/59 MP: 10/12
  3472 | D:4      | Reached skill level 3 in Fighting
  3748 | D:4      | Reached skill level 3 in Maces & Staves
  3748 | D:4      | Reached skill level 6 in Earth Magic
  3748 | D:4      | HP: 11/61 [gnoll/+0 halberd (11)]
  3749 | D:4      | HP: 3/61 [gnoll/+0 halberd (12)]
  3766 | D:4      | Reached XP level 7. HP: 45/68 MP: 10/13
  3880 | D:4      | Found a snail-covered altar of Cheibriados.
  3892 | D:4      | Learned a level 3 spell: Regeneration
  4040 | D:4      | Reached skill level 4 in Fighting
  4045 | D:4      | Reached skill level 4 in Maces & Staves
  4532 | D:4      | Gained mutation: Your muscles are strong. (Str +5) [potion of mutation]
  4532 | D:4      | Gained mutation: You are clumsy. (Dex -5) [potion of mutation]
  4532 | D:4      | Gained mutation: You have a pair of small horns on your head. [potion of mutation]
  4533 | D:4      | Lost mutation: You are clumsy. (Dex -5) [potion of mutation]
  4533 | D:4      | Lost mutation: Your muscles are strong. (Str +5) [potion of mutation]
  4533 | D:4      | Lost mutation: You have a pair of small horns on your head. [potion of mutation]
  4533 | D:4      | Gained mutation: You are somewhat resistant to further mutation. [potion of mutation]
  4557 | D:4      | Found a deep blue altar of Sif Muna.
  4582 | D:4      | Got Sif Muna's Guide on Summoning
  4784 | D:5      | Entered Level 5 of the Dungeon
  4893 | D:5      | Found an opulent altar of Gozag.
  4931 | D:5      | Reached skill level 7 in Earth Magic
  4945 | D:5      | Reached skill level 5 in Fighting
  4964 | D:5      | Reached XP level 8. HP: 68/80 MP: 14/14
  4981 | D:5      | Found a shadowy altar of Dithmenos.
  5019 | D:5      | Reached skill level 5 in Maces & Staves
  5227 | D:5      | Found a glowing golden altar of the Shining One.
  5419 | D:5      | Reached skill level 8 in Earth Magic
  5428 | D:5      | Reached skill level 6 in Fighting
  5428 | D:5      | Reached skill level 6 in Maces & Staves
  5969 | D:5      | Found a basalt altar of Yredelemnul.
  6510 | D:6      | Reached XP level 9. HP: 92/92 MP: 12/15
  6680 | D:6      | Reached skill level 7 in Fighting
  6701 | D:6      | Found an iron altar of Okawaru.
  6711 | D:6      | Reached skill level 7 in Maces & Staves
  6957 | D:6      | Found a viscous altar of Jiyva.
  7032 | D:6      | Reached skill level 9 in Earth Magic
  7050 | D:6      | Got the +1 rapier of Bodily Humours {drain, Dex+3}
  7257 | D:7      | Got the +8 mace "Gaust" {flame, rElec rC+ Int+3}
  7320 | D:7      | HP: 22/96 [poisoned by a killer bee]
  7321 | D:7      | Reached skill level 8 in Fighting
  7321 | D:7      | HP: 9/96 [poisoned by a killer bee]
  7325 | D:7      | HP: 4/96 [poisoned by a killer bee]
  7718 | D:7      | Reached skill level 8 in Maces & Staves
  8194 | D:7      | Found a sacrificial altar of Ru.
  8207 | D:7      | Reached skill level 10 in Earth Magic
  8756 | D:8      | Found a snail-covered altar of Cheibriados.
  8812 | D:8      | Noticed Pikel
  8819 | D:8      | Killed Pikel
  8819 | D:8      | Reached skill level 9 in Fighting
  8819 | D:8      | Reached skill level 9 in Maces & Staves
  8819 | D:8      | Reached XP level 10. HP: 99/107 MP: 5/16
  8874 | D:8      | Learned a level 4 spell: Animate Dead
  8970 | D:8      | Reached skill level 1 in Necromancy
  9214 | D:8      | Reached skill level 2 in Necromancy
  9234 | D:8      | Reached skill level 3 in Necromancy
  9825 | D:9      | Reached skill level 10 in Fighting
  9825 | D:9      | Reached skill level 4 in Necromancy
  9849 | D:9      | Reached skill level 10 in Maces & Staves
  9902 | D:9      | Noticed Grum
  9913 | D:9      | Killed Grum
  9914 | D:9      | Reached skill level 5 in Necromancy
 10008 | D:9      | Noticed a two-headed ogre
 10019 | D:9      | Killed a two-headed ogre
 10103 | D:9      | Noticed a black mamba
 10104 | D:9      | Reached XP level 11. HP: 115/119 MP: 8/10
 10118 | D:9      | Reached skill level 11 in Maces & Staves
 10251 | D:9      | Noticed a two-headed ogre
 10255 | D:9      | Killed a two-headed ogre
 10259 | D:9      | Reached skill level 11 in Fighting
 10530 | D:10     | Entered Level 10 of the Dungeon
 10530 | D:10     | Found Tiar's Weapon Emporium.
 10540 | D:10     | Bought a +2 demon whip of electrocution for 495 gold pieces
 10617 | D:10     | Reached skill level 12 in Maces & Staves
 10673 | D:10     | Got the +8 shortbow "Siajuado" {venom, rPois rN+++ MR++ Int-5}
 11549 | D:11     | Noticed a two-headed ogre
 11560 | D:11     | Reached skill level 3 in Spellcasting
 11572 | D:11     | Killed a two-headed ogre
 11572 | D:11     | Reached skill level 4 in Spellcasting
 11663 | D:11     | Learned a level 2 spell: Blink
 11804 | D:11     | HP: 28/123 [centaur (5)]
 11811 | D:11     | HP: 30/123 [centaur (3)]
 11816 | D:11     | HP: 18/123 [blink frog zombie (8)]
 11825 | D:11     | Reached skill level 12 in Fighting
 11974 | D:11     | Noticed a white ugly thing
 11976 | D:11     | Reached skill level 13 in Maces & Staves
 11986 | D:11     | Killed a white ugly thing
 12199 | D:11     | Noticed a green ugly thing
 12209 | D:11     | Killed a green ugly thing
 12458 | D:12     | Reached skill level 1 in Throwing
 12471 | D:12     | Reached skill level 2 in Throwing
 12557 | D:12     | Reached XP level 12. HP: 120/133 MP: 14/14
 12646 | D:12     | Reached skill level 3 in Throwing
 12654 | D:12     | HP: 32/133 [slime creature (6)]
 12662 | D:12     | HP: 42/199 [slime creature (3)]
 12664 | D:12     | Reached skill level 13 in Fighting
 12885 | D:12     | Reached skill level 4 in Throwing
 13245 | D:13     | Noticed a five-headed hydra
 13254 | D:13     | Killed a five-headed hydra
 13254 | D:13     | Reached skill level 5 in Throwing
 13438 | D:13     | Reached skill level 6 in Throwing
 13617 | D:13     | Reached skill level 14 in Fighting
 13771 | D:13     | Noticed a centaur warrior
 13780 | D:13     | HP: 32/139 [manticore (12)]
 13785 | D:13     | HP: 28/139 [manticore (20)]
 13786 | D:13     | HP: 9/139 [manticore (12)]
 13786 | D:13     | HP: 4/139 [manticore (5)]
 14106 | D:13     | Reached skill level 7 in Throwing
 14265 | D:13     | HP: 30/139 [centaur warrior/arrow (11)]
 14267 | D:13     | Killed a centaur warrior
 14416 | D:13     | HP: 33/140 [freezing wraith (4)]
 14417 | D:13     | HP: 3/140 [freezing wraith (21)]
 14417 | D:13     | Slain by a freezing wraith

Skill      XL: |  1  2  3  4  5  6  7  8  9 10 11 12 |
---------------+-------------------------------------+-----
Earth Magic    | 3 4 5 6 7 8 10 | 10.3
Fighting       | 1 2 3 5 6 9 10 12 14 | 14.3
Maces & Staves | 2 3 4 6 9 10 13 | 13.4
Necromancy     | 5 |  5.1
Spellcasting   | 4 |  4.4
Throwing       | 2 7 |  7.7
Dodging        | |  1.7
Stealth        | |  1.5
Transmutations | |  0.8

Action                   |  1- 3 |  4- 6 |  7- 9 | 10-12 || total
-------------------------+-------+-------+-------+-------++-------
Melee: Unarmed           |     2 |       |       |       ||     2
       Dagger            |    48 |     5 |       |       ||    53
       Flail             |       |    30 |   122 |       ||   152
       Mace              |       |       |    44 |   105 ||   149
       Demon whip        |       |       |       |   251 ||   251
Throw: Stone             |     4 |       |       |       ||     4
       Poisoned dart     |       |     2 |     5 |       ||     7
       Curare dart       |       |     4 |       |       ||     4
 Cast: Sandblast         |    35 |    46 |   108 |   131 ||   320
       Lee's Rapid Decon |       |     1 |     6 |     6 ||    13
       Animate Dead      |       |       |       |     1 ||     1
       Regeneration      |       |       |       |     1 ||     1
  Use: Potion            |       |     1 |     3 |     4 ||     8
       Scroll            |       |       |       |     8 ||     8
 Stab: Sleeping          |     3 |       |       |     1 ||     4
Armor: Robe              |    12 |     7 |    35 |     4 ||    58
       Troll leather arm |       |       |       |    30 ||    30
       Skin              |       |       |       |     7 ||     7
Dodge: Dodged            |    36 |    35 |   130 |   225 ||   426

Vault maps used:
D:1:      wheals_arrival_linesprint, serial_forest,
          infiniplex_forest_straight_4, infiniplex_forest_lined_3,
          infiniplex_forest_zigzag_1, infiniplex_forest_end_2,
          infiniplex_forest_clump_medium, infiniplex_forest_end_1,
          infiniplex_forest_clump_tiny, infiniplex_forest_lined_4_way,
          infiniplex_forest_straight_3, minmay_tetromino_i2
D:2:      fiery_altar_vehumet, hellmonk_temple_overflow_hourglass, st_stairs_4
D:3:      lemuel_doored_altar, grunt_temple_overflow_open,
          nicolae_overflow_crystal_walls, old_standard_altar,
          dancing_weapons_uskayaw, chequers_ecumenical_altar_lobes
D:4:      lemuel_round_altar, led_sif_book
D:5:      nicolae_gozag_seed_capital, kennysheep_little_box,
          overflow_temple_1_default, yredelemnul_forgotten_temple_becter
D:6:      kennysheep_mini, marbit_many_paths
D:7:      nicolae_ru_sacrificial_ziggurat, hex_large
D:8:      cheibriados_altar_1, uniq_pikel
D:9:      uniq_grum
D:10:     serial_shops, shop
D:13:     minmay_evil_grid

Table legend:
 A = Turns spent in this place as a percentage of turns spent in the entire game.
 B = Non-inter-level travel turns spent in this place as a percentage of non-inter-level travel turns spent in the entire game.
 C = Inter-level travel turns spent in this place as a percentage of turns spent in this place.
 D = Turns resting spent in this place as a percentage of non-inter-level travel turns spent in this place.
 E = Turns spent auto-exploring this place as a percentage of non-inter-level travel turns spent in this place.
 F = Non-inter-level travel turns spent in this place divided by the number of levels of this place that you've seen.
                   A       B       C       D       E      F
               +-------+-------+-------+-------+-------+----------------------
         Total | 100.0 | 100.0 |   0.6 |   4.8 |   8.3 | 262.3
       Dungeon | 100.0 | 100.0 |   0.6 |   4.8 |   8.3 | 262.3
               +-------+-------+-------+-------+-------+----------------------

Table legend:
 A = Kills in this place as a percentage of kills in entire the game.
 B = Kills by you in this place as a percentage of kills by you in the entire game.
 C = Kills by friends in this place as a percentage of kills by friends in the entire game.
 D = Other kills in this place as a percentage of other kills in the entire game.
 E = Experience gained in this place as a percentage of experience gained in the entire game.
 F = Experience gained in this place divided by the number of levels of this place that you have seen.
                   A       B       C       D       E      F
               +-------+-------+-------+-------+-------+----------------------
         Total | 100.0 | 100.0 | 100.0 | 100.0 | 100.0 | 2676.2
       Dungeon | 100.0 | 100.0 | 100.0 | 100.0 | 100.0 | 2676.2
               +-------+-------+-------+-------+-------+----------------------
